 Dungeon Crawl Stone Soup version 0.30.0 (webtiles) character file.

Game seed: 8613514478896445597

270 Minorbread the Digger (level 6, 0/52 HPs)
             Began as a Naga Wanderer on June 2, 2023.
             Slain by Grinder (8 damage)
             ... on level 4 of the Dungeon.
             The game lasted 00:06:48 (3699 turns).

Minorbread the Digger (Naga Wanderer)               Turns: 3699, Time: 00:06:49

Health: 0/52       AC:  8    Str: 14    XL:     6   Next: 22%
Magic:  12/12      EV:  9    Int: 14    God:
Gold:   133        SH:  0    Dex: 11    Spells: 9/13 levels left

rFire   . . .        m - +2 dagger (speed)
rCold   . . .        (no shield)
rNeg    . . .        q - +0 robe
rPois   +            b - +0 helmet
rElec   .            (no cloak)
rCorr   .            (no gloves)
SInv    +            (no barding)
Will    .....        (no amulet)
Stlth   +            l - +4 ring of protection
HPRegen 0.28/turn    (no ring)
MPRegen 0.13/turn

%: no passive effects
@: silenced, very slow
A: AC +2, large, see invisible, deformed body, poison resistance, slowness 2,
spit poison 1, naga tail 1
a: Spit Poison


You were on level 4 of the Dungeon.
You visited 1 branch of the dungeon, and saw 4 of its levels.

You collected 133 gold pieces.

Inventory:

Hand Weapons
 m - a +2 dagger of speed (weapon)
Armour
 b - a +0 helmet (worn)
 d - a +0 leather armour
 q - a +0 robe (worn)
Jewellery
 l - a +4 ring of protection (left hand)
Wands
 s - a wand of acid (12)
 u - a wand of roots (6)
Scrolls
 a - 5 scrolls of identify {unknown}
 c - 2 scrolls of blinking
 i - 2 scrolls of amnesia {unknown}
 n - a scroll of enchant armour {unknown}
 o - 2 scrolls of immolation {unknown}
 p - 3 scrolls of fog {unknown}
 t - a scroll of enchant weapon {unknown}
 x - a scroll of torment {unknown}
 y - a scroll of teleportation {unknown}
Potions
 f - a potion of lignification {unknown}
 g - 3 potions of curing
 h - 3 potions of heal wounds {unknown}
 j - a potion of berserk rage {unknown}
 k - 2 potions of brilliance {unknown}
 r - a potion of attraction {unknown}
 v - a potion of degeneration {unknown}
 w - 2 potions of flight {unknown}
 z - a potion of cancellation {unknown}
 A - a potion of mutation {unknown}


   Skills:
 - Level 2.0 Fighting
 - Level 1.5 Dodging
 - Level 4.0 Stealth
 - Level 4.0 Spellcasting
 + Level 2.6 Conjurations
 + Level 4.1 Earth Magic


You had 9 spell levels left.
You knew the following spells:

 Your Spells              Type           Power      Damage    Failure   Level
a - Sandblast             Erth           28%        2d8       3%          1
b - Stone Arrow           Conj/Erth      24%        3d8       14%         3

Your spell library contained the following spells:

 Spells                   Type           Power      Damage    Failure   Level
 Beastly Appendage        Tmut           4%         N/A       19%         1
 Summon Small Mammal      Summ           8%         N/A       19%         1
 Wereblood                Tmut           2%         N/A       28%         2
 Dazzling Flash           Conj/Hex       12%        N/A       34%         3
 Call Canine Familiar     Summ           2%         N/A       50%         3
 Spider Form              Tmut/Pois      2%         N/A       50%         3
 Summon Guardian Golem    Hex/Summ       2%         N/A       50%         3
 Leda's Liquefaction      Hex/Erth       4%         N/A       63%         4
 Agony                    Necr           2%         N/A       99%         5
 Silence                  Hex/Air        1%         N/A       99%         5


Dungeon Overview and Level Annotations

Branches:
Dungeon (4/15)
 Temple: D:4-7

Altars:
Hepliaklqana
Xom
The Shining One

Annotations:
D:3 2 runed translucent doors
D:4 Grinder


Innate Abilities, Weirdness & Mutations

Your serpentine skin is tough. (AC +2)
You have supernaturally acute eyesight. (SInv)
Armour fits poorly on your strangely shaped body.
Your system is resistant to poisons. (rPois)
You cover ground very slowly.
You can spit poison.
You have a snake-like lower body.


Message History

Press: ? - help, Q - select action, (/) - cycle Shift-Dir - straight line, f/p - hound
Aim: a hound (moderately wounded, 75% to hit)
The blast of sand hits the hound.
The hound is severely wounded.
The hound bites you but does no damage. The hound barely misses you.
Aiming: Sandblast (safe; 3% risk of failure)
Press: ? - help, Q - select action, (/) - cycle Shift-Dir - straight line, f/p - hound
Aim: a hound (severely wounded, 75% to hit)
The blast of sand misses the hound.
The hound barely misses you. The hound closely misses you.
Aiming: Sandblast (safe; 3% risk of failure)
Press: ? - help, Q - select action, (/) - cycle Shift-Dir - straight line, f/p - hound
Aim: a hound (severely wounded, 75% to hit)
The blast of sand hits the hound!
You kill the hound!
You see here a hound corpse.
You open the door.
Grinder and an iguana come into view.
Grinder is carrying a wand of flame (21).
The iguana hisses angrily.
Grinder drinks a potion.
Grinder seems to speed up.
Grinder gestures at you. Pain shoots through your body!
There is an open door here.
As you read the scroll of silence, it crumbles to dust.
A profound silence engulfs you.
Grinder blinks!
The iguana bites you! Grinder hits you.
You hit Grinder.
Grinder is lightly wounded.
Grinder closely misses you. The iguana bites you!
You hit Grinder.
Grinder is lightly wounded.
Grinder zaps a wand.
The puff of flame hits you!
* * * LOW HITPOINT WARNING * * *
The iguana bites you!
* * * LOW HITPOINT WARNING * * *
It was a potion of curing.
You feel better. Grinder hits you but does no damage. Grinder hits you!
You die...

...# +....?... ...#
#####.........
...####+###...#........$
....#....##...#.........
....#.........#.........
....#.........#.........
....#....†....'.........
....###..######..l..[...
#.....#'###.)...@.......
#.....#...#......5......
#.....'...#.............
#.....#...#.............
#.....#...#.............
#.....#...#.............
......#####......#######
......# +......# ......#


You could see Grinder (fast, unsilenced) and an iguana.

Vanquished Creatures
  2 hounds (D:4)
  An iguana (D:4)
  An orc wizard (D:3)
  Robin (D:2)
  5 adders
  A gnoll (D:1)
  2 white imps
  A worm (D:2)
  3 dart slugs
  5 orcs
  3 bats
  4 endoplasms
  4 giant cockroaches
  11 goblins
  4 hobgoblins
  3 jackals (D:2)
  6 kobolds
  3 quokkas
  7 ball pythons
  5 rats
72 creatures vanquished.

Notes
Turn   | Place    | Note
-------+----------+-------------------------------------------
     0 | D:1      | Minorbread the Naga Wanderer began the quest for the Orb.
     0 | D:1      | Minorbread set off with the following items: a +0 club, a
                  | +0 helmet, a scroll of blinking, a +0 leather armour, a
                  | scroll of silence; and the following spell memorised:
                  | Sandblast; and the following spells available to memorise:
                  | Stone Arrow, Leda's Liquefaction.
     0 | D:1      | Reached XP level 1. HP: 19/19 MP: 4/4
   344 | D:1      | Reached XP level 2. HP: 19/26 MP: 0/6
   962 | D:1      | Reached XP level 3. HP: 14/32 MP: 3/7
  1382 | D:2      | Noticed Robin
  1416 | D:2      | Killed Robin
  1417 | D:2      | Reached XP level 4. HP: 33/39 MP: 6/9
  1447 | D:2      | Learned a level 3 spell: Stone Arrow
  2137 | D:3      | Reached skill level 1 in Conjurations
  2187 | D:3      | Reached XP level 5. HP: 40/45 MP: 4/10
  2244 | D:3      | Found a shimmering altar of Xom.
  2291 | D:3      | Found a hazy altar of Hepliaklqana.
  2293 | D:3      | Found a glowing golden altar of the Shining One.
  2408 | D:3      | Found a large runed translucent door.
  2409 | D:3      | Found a large runed translucent door.
  3618 | D:4      | Reached XP level 6. HP: 52/52 MP: 9/12
  3693 | D:4      | Noticed Grinder
  3699 | D:4      | Slain by Grinder

Illustrated notes

Levels and vault maps discovered:
D:1:      psy_arrival_wood_between_worlds, layout_loops_ring
D:2:      layout_basic, uniq_robin
D:3:      layout_basic, nicolae_overflow_crystal_walls,
          grunt_temple_overflow_open, jmf_multi_god_temple2, moated_statue,
          grunt_ministairs_10
D:4:      layout_gridville, nicolae_qazlal_beasts_of_the_sky,
          nemelex_spade_bored_becter, mainiacjoe_overflow_large_starburst,
          uniq_grinder

Skill      XL: |  1  2  3  4  5 |
---------------+----------------+-----
Stealth        | 2 3 4 |  4.0
Earth Magic    | 3 4 |  4.1
Conjurations   | 1 2 |  2.6
Spellcasting   | 4 |  4.0
Fighting       | |  2.0
Dodging        | |  1.5

Action                     |  1- 3 |  4- 6 || total
---------------------------+-------+-------++-------
  Melee: Club              |     8 |       ||     8
         Dagger            |    62 |    23 ||    85
         Punch             |     1 |     1 ||     2
   Cast: Sandblast         |    26 |    65 ||    91
Ability: Spit Poison       |     5 |    15 ||    20
    Use: Potion            |     1 |     1 ||     2
         Scroll            |       |     1 ||     1
   Stab: Sleeping          |     1 |     4 ||     5
 Armour: Leather armour    |    33 |     9 ||    42
         Robe              |       |    13 ||    13
  Dodge: Dodged            |    35 |    17 ||    52
